Map: Hard Lead LE

Players

Subwayeatn - Winner!

  • Race: Zerg Zerg
  • League: Platinum
  • Spawn Location: 5:00

Contagion

  • Race: Zerg Zerg
  • League: Diamond
  • Spawn Location: 11:00

VOD

Have the link to the VOD?

Description

Time

  • Played on: Nov. 4, 2023, 6:01 p.m.
  • Length: 4:29
Show
View Real Time Build Order
Export as new Build Order

Subwayeatn Zerg - Winner!

Build Orders: Pool First 

Get SALT Encoding   

  12  0:00  Drone  
  13  0:08  Drone  
  14  0:16  Overlord  
  14  0:22  Extractor  
  13  0:35  Spawning Pool  
  12  1:04  Hatchery  
  11  1:22  Queen  
  13  1:30  Zergling x2  
  14  1:36  Metabolic Boost  
  14  1:42  Zergling x2  
  15  1:47  Zergling x2  
  15  1:52  Zergling x2  
  17  2:07  Zergling x2  
  18  2:10  Overlord  
  18  2:20  Zergling x4  
  20  2:29  Zergling x4  
  22  2:38  Zergling x6  
  24  2:54  Zergling x6  
  25  3:28  Zergling x6  
  25  3:29  Zergling x8  
  30  3:52  Zergling x6  
  30  3:53  Zergling x4  
Show
View Real Time Build Order
Export as new Build Order

Contagion Zerg 

Build Orders: Hatch First 

Get SALT Encoding   

  12  0:00  Drone  
  13  0:13  Overlord  
  13  0:17  Drone  
  14  0:31  Drone x2  
  16  0:49  Hatchery  
  15  0:54  Drone  
  16  0:57  Drone  
  16  0:59  Drone  
  18  1:12  Extractor  
  18  1:15  Spawning Pool  
  16  1:19  Drone  
  16  1:21  Drone  
  18  1:31  Drone  
  19  1:44  Drone  
  20  1:50  Overlord  
  20  2:01  Queen  
  20  2:04  Queen  
  20  2:05  Zergling x2  
  20  2:06  Zergling x2  
  26  2:18  Metabolic Boost  
  26  2:26  Drone x4  
  30  2:41  Baneling Nest, Overlord  
  28  2:54  Zergling x6  
  31  3:02  Spine Crawler  
  28  3:23  Zergling x16  
  11  3:46  Baneling x5  
  11  3:47  Baneling  
  11  3:59  Spawning Pool  
Tags
 
Add a new tag
Caveats
  • Supply blocks, unpowered buildings, or Contaminate may cause inaccurate times.
  • Supply counts are checked every 10 seconds.